 Dungeon Crawl Stone Soup version 0.31-a0-151-ge443d1f16c (webtiles) character file.

Game seed: 3898917788411451861

359 qw the Shooter (level 6, -2/38 HPs)
             Began as a Gargoyle Hunter on June 8, 2023.
             Slain by an ogre
             ... wielding a +0 giant spiked club
              (18 damage)
             ... on level 5 of the Dungeon.
             The game lasted 00:01:18 (3088 turns).

qw the Shooter (Gargoyle Hunter)                    Turns: 3088, Time: 00:01:19

Health: -2/38      AC: 11    Str: 20    XL:     6   Next: 65%
Magic:  6/6        EV: 11    Int: 10    God:
Gold:   153        SH:  0    Dex: 15    Spells: 5/5 levels left

rFire   . . .        Y - +0 shortbow
rCold   . . .        (shield currently unavailable)
rNeg    + . .        d - +0 ring mail
rPois   inf          g - +0 helmet
rElec   +            j - +0 cloak
rCorr   .            (no gloves)
SInv    .            (no boots)
Will    .....        (no amulet)
Stlth   +            i - +6 ring of strength
HPRegen 0.26/turn    (no ring)
MPRegen 0.10/turn

%: no passive effects
@: no status effects
A: sickness immunity, AC +4, negative energy resistance 1, electricity
resistance, torment resistance 1, petrification resistance
a: no special abilities


You were on level 5 of the Dungeon.
You visited 1 branch of the dungeon, and saw 5 of its levels.

You collected 153 gold pieces.


Innate Abilities, Weirdness & Mutations

You are immune to sickness and miasma.
Your stone body is resilient. (AC +4)
You are immune to poison.
You resist negative energy. (rN+)
You are resistant to electric shocks. (rElec)
You are resistant to unholy torment.
You are immune to petrification.


   Skills:
 - Level 4.0 Fighting
 + Level 6.9 Ranged Weapons
 - Level 1.4 Armour
 - Level 1.5 Dodging
 - Level 1.1 Stealth


You had 5 spell levels left.
You didn't know any spells.
Your spell library was empty.

Inventory:

Hand Weapons
 Y - a +0 shortbow (weapon)
Armour
 d - a +0 ring mail (worn)
 g - a +0 helmet (worn)
 j - a +0 cloak (worn)
Jewellery
 i - a +6 ring of strength (left hand)
Scrolls
 b - a scroll of identify
Potions
 c - a potion of mutation
 e - a potion of lignification {unknown}
 f - a potion of cancellation {unknown}
 h - a potion of might {unknown}
 k - a potion of heal wounds {unknown}

Dungeon Overview and Level Annotations

Branches:
Dungeon (5/15)
 Temple: D:4-7

Altars:
Sif Muna

Annotations:
D:3 2 transporters, qw's ghost, amateur GrHu


Message History

There is a stone staircase leading up here.
Waypoint 4 assigned to D:5.
There is a stone staircase leading up here.
You now have 153 gold pieces (gained 10).
An ogre comes into view. It is wielding a +0 giant spiked club.
The ogre shouts!
Enter note: You shoot an arrow.
The arrow hits the ogre.
The ogre is lightly wounded.
You shoot an arrow. The arrow hits the ogre.
The ogre is lightly wounded.
You shoot an arrow. The arrow hits the ogre.
The ogre is moderately wounded.
You shoot an arrow.
The arrow hits the ogre but does no damage.
The ogre is moderately wounded.
You shoot an arrow. The arrow hits the ogre.
The ogre is moderately wounded.
You shoot an arrow. The arrow hits the ogre.
The ogre is heavily wounded.
The ogre hits you with a +0 giant spiked club!
You shoot an arrow. The arrow hits the ogre.
The ogre is severely wounded.
The ogre hits you with a +0 giant spiked club!
You shoot an arrow.
The arrow hits the ogre but does no damage.
The ogre is severely wounded.
You shoot an arrow.
The arrow hits the ogre but does no damage.
The ogre is severely wounded.
The ogre barely misses you.
You shoot an arrow. The arrow hits the ogre.
The ogre is severely wounded.
The ogre misses you.
You shoot an arrow.
The arrow hits the ogre but does no damage.
The ogre is severely wounded.
You shoot an arrow. The arrow barely misses the ogre.
The ogre hits you with a +0 giant spiked club!!
You die...

#### #########
##... #.......#
##....
#.#####.####.....
###.#......##......
#.@................
#O#........##......
#.###.####.##......
#. #......#.......
#. #########......
#. ##.#### #. #.#
#. #.# #+#


You could see an ogre.

Vanquished Creatures
  Edmund (D:4)
  An orc priest (D:3)
  An orc wizard (D:3)
  Robin (D:4)
  6 adders
  A river rat (D:4)
  An ufetubus (D:4)
  6 worms
  3 dart slugs
  6 orcs
  10 ball pythons
  2 bats
  6 endoplasms
  7 hobgoblins
  3 quokkas
  3 frilled lizards (D:1)
  17 goblins
  5 kobolds
  A rat (D:1)
81 creatures vanquished.

Notes
Turn   | Place    | Note
-------+----------+-------------------------------------------
     0 | D:1      | qw the Gargoyle Hunter began the quest for the Orb.
     0 | D:1      | Reached XP level 1. HP: 12/12 MP: 1/1
     0 | D:1      | 0 ||| qw: Version: 0.2-a-120-gdf1a93b
     0 | D:1      | 0 ||| qw: Game counter: 3028
     0 | D:1      | 0 ||| qw: Always use a shield: true
     0 | D:1      | 0 ||| qw: God list: Okawaru
     0 | D:1      | 0 ||| qw: Allow faded altars: false
     0 | D:1      | 0 ||| qw: Do Orc after D:15 true
     0 | D:1      | 0 ||| qw: Do second Lair branch before Depths: true
     0 | D:1      | 0 ||| qw: Lair rune preference: random
     0 | D:1      | 0 ||| qw: Plans: Normal
     0 | D:1      | 0 ||| PLANNING D:1-11
   138 | D:1      | Reached XP level 2. HP: 17/17 MP: 2/2
   511 | D:1      | 511 ||| UPGRADING to +0 ring mail.
   521 | D:1      | 521 ||| DROPPING +0 leather armour.
   522 | D:1      | 522 ||| UPGRADING to +0 cloak.
   527 | D:1      | 527 ||| UPGRADING to +6 ring of strength.
   528 | D:1      | 528 ||| READING scroll labelled SIGHOM CABEL.
   529 | D:1      | 529 ||| READING scroll labelled GIPNARHENA.
   530 | D:1      | 530 ||| READING scroll labelled YHAARCHAVUEL.
   531 | D:1      | 531 ||| READING scroll labelled FATIEJ NINYOSHU.
   532 | D:1      | 532 ||| DROPPING scroll of butterflies.
   569 | D:2      | 569 ||| STAIRDANCE
   574 | D:1      | Reached skill level 1 in Armour
   574 | D:1      | Reached XP level 3. HP: 9/21 MP: 3/3
   574 | D:1      | HP: 5/21 [frozen (4)]
   575 | D:1      | HP: 2/21 [goblin/+0 dagger (3)]
   831 | D:2      | Reached skill level 5 in Ranged Weapons
   839 | D:2      | Found a shimmering blue altar of Sif Muna.
  1225 | D:2      | 1225 ||| READING scroll labelled PITZAG JA ECWA.
  1285 | D:3      | Reached XP level 4. HP: 27/27 MP: 4/4
  1295 | D:3      | Found a transporter.
  1295 | D:3      | Noticed qw's ghost (amateur GrHu)
  1386 | D:3      | Reached skill level 3 in Fighting
  1401 | D:3      | Reached XP level 5. HP: 12/32 MP: 5/5
  1424 | D:3      | 1424 ||| FLEEEEING.
  1438 | D:3      | 1438 ||| FLEEEEING.
  1531 | D:3      | Noticed a floating eye
  1533 | D:3      | Found a faded altar of an unknown god.
  1535 | D:3      | Noticed a floating eye
  1535 | D:3      | Noticed an eye of devastation
  1535 | D:3      | Noticed a great orb of eyes
  1684 | D:3      | Found a transporter.
  1854 | D:4      | Noticed Robin
  1855 | D:4      | 1855 ||| PLANNING SEWER
  1858 | D:4      | 1858 ||| STAIRDANCE
  1932 | D:4      | 1932 ||| STAIRDANCE
  1969 | D:4      | Killed Robin
  1970 | D:4      | 1970 ||| STAIRDANCE
  2205 | D:4      | Noticed Edmund
  2218 | D:4      | Killed Edmund
  2219 | D:4      | Reached skill level 6 in Ranged Weapons
  2219 | D:4      | Reached XP level 6. HP: 15/37 MP: 6/6
  2592 | D:4      | 2592 ||| RIP SEWER
  2601 | D:4      | 2601 ||| PLANNING D:1-11
  2967 | D:4      | 2967 ||| UPGRADING to +0 helmet.
  2972 | D:4      | 2972 ||| READING scroll labelled EHA WESASM.
  2973 | D:4      | 2973 ||| READING 3 scrolls of identify.
  2973 | D:4      | 2973 ||| IDENTIFYING sedimented black potion
  2974 | D:4      | 2974 ||| READING 2 scrolls of identify.
  2974 | D:4      | 2974 ||| IDENTIFYING red potion
  2975 | D:4      | 2975 ||| DROPPING potion of magic.
  3020 | D:5      | Entered Level 5 of the Dungeon
  3088 | D:5      | Slain by an ogre

Levels and vault maps discovered:
D:1:      minmay_arrival_shoal_huts, layout_basic
D:2:      layout_basic, basic_altar
D:3:      layout_basic, gammafunk_ghost_mausoleum,
          hellmonk_ecumenical_altar_watching_god, minmay_crystal_room
D:4:      layout_cave_pools, lightli_sewer_entry_pipes,
          nicolae_concentric_dashed_squares_wild, chequers_big_river,
          uniq_robin, uniq_edmund
D:5:      layout_loops_corners, kennysheep_little_box, temple_doors_cd

Skill      XL: |  1  2  3  4  5  6 |
---------------+-------------------+-----
Armour         | 1 |  1.4
Ranged Weapons | 5 6 |  6.9
Fighting       | 3 4 |  4.0
Dodging        | |  1.5
Stealth        | |  1.1

Action                     |  1- 3 |  4- 6 || total
---------------------------+-------+-------++-------
   Fire: Shortbow          |    85 |   206 ||   291
    Use: Scroll            |     5 |     3 ||     8
 Armour: Ring mail         |    16 |    77 ||    93
  Dodge: Dodged            |    13 |   105 ||   118

Table legend:
 A = Non-vault XP
 B = Vault XP
 C = Vault XP percentage of total XP
 D = Non-vault monster count
 E = Vault monster count
 F = Vault count percentage of total count
                 A         B        C        D         E       F
            +---------+---------+-------+---------+---------+-------
      Total |     216 |     297 |  57.9 |      57 |      24 |  29.6
            +---------+---------+-------+---------+---------+-------
        D:1 |      38 |       0 |   0.0 |      17 |       0 |   0.0
        D:2 |      39 |       0 |   0.0 |      14 |       0 |   0.0
        D:3 |     108 |      20 |  15.6 |      15 |      10 |  40.0
        D:4 |      31 |     277 |  89.9 |      11 |      14 |  56.0
            +---------+---------+-------+---------+---------+-------
